 Dungeon Sprint DCSS version 0.31.0-32-g396128a36d (webtiles) character file.

Game seed: 7691096606232081493

75 James the Shooter (level 4, -3/37 HPs)
             Began as a Draconian Hexslinger on Mar 16, 2024.
             Slain by a water elemental (5 damage)
             ... in the Dungeon (Sprint III: "The Ten Rune Challenge").
             The game lasted 00:03:00 (239 turns).

James the Shooter (Draconian Hexslinger)             Turns: 239, Time: 00:03:01

Health: -3/37      AC:  6    Str: 10    XL:     4   Next: 11%
Magic:  3/5        EV: 12    Int: 13    God:
Gold:   16         SH:  0    Dex: 16    Spells: 0/5 levels left

rFire   . . .        a - +1 sling
rCold   . . .        (no shield)
rNeg    . . .        (body armour unavailable)
rPois   .            (helmet restricted)
rElec   .            j - +0 cloak
rCorr   .            (no gloves)
SInv    .            (no boots)
Will    .....        (no amulet)
Stlth   +            (no ring)
HPRegen 0.26/turn    (no ring)
MPRegen 0.09/turn

%: no teleportation
@: engulfed (cannot breathe)
A: AC +5, unfitting armour, cold-blooded
a: no special abilities


You were in the Dungeon.
You visited 1 branch You collected 16 gold pieces.

Inventory:

Hand Weapons
 a - a +1 sling (weapon)
 b - a +4 quarterstaff of chaos
   (You took it off Crazy Yiuf in the Dungeon)
Armour
 j - a +0 cloak (worn)
   (You took it off Crazy Yiuf in the Dungeon)
Scrolls
 h - a scroll of blinking
 i - 2 scrolls of identify {unknown}
 k - 3 scrolls of poison {!r}
 m - a scroll of silence {unknown}
Potions
 c - a potion of curing {@q1}
 d - a potion of heal wounds {@q2}
 e - a potion of haste {@q3}
 f - 2 potions of magic
 g - a potion of berserk rage
 l - 6 potions of mutation {!q}
 n - 3 potions of enlightenment


   Skills:
 + Level 2.8 Fighting
 * Level 6.6 Ranged Weapons
 - Level 2.0 Dodging
 - Level 1.0 Spellcasting
 + Level 3.7 Hexes
 - Level 1.0 Fire Magic


You couldn't memorise any spells.
You knew the following spells:

 Your Spells              Type           Power      Damage    Failure   Level
a - Jinxbite              Hex            20%        N/A       9%          2
b - Sigil of Binding      Hex            10%        N/A       19%         3

Your spell library contained the following spells:

 Spells                   Type           Power      Damage    Failure   Level
 Inner Flame              Hex/Fire       6%         N/A       32%         3
 Cause Fear               Hex            5%         N/A       52%         4
 Dimensional Bullseye     Hex/Tloc       2%         N/A       78%         4


Dungeon Overview and Level Annotations

Branches:
Dungeon (1/1)

Altars:


Innate Abilities, Weirdness & Mutations

Your plain brown scales are hard. (AC +5)
You cannot fit into any form of body armour.
You are cold-blooded and may be slowed by cold attacks.


Message History

You shoot a sling bullet.
The sling bullet barely misses the water elemental.
Your lungs strain for air!
The water elemental's lost momentum returns!
The water elemental hits you!
* * * LOW HITPOINT WARNING * * *
The water engulfing you falls away.
You gasp with relief as air once again reaches your lungs.
The water elemental attacks as it pursues you!
The water elemental misses you. The water elemental barely misses you.
The water elemental has too much momentum for your sigil to bind it!
You are too injured to fight recklessly!
Fire: a) +1 sling
Press: ? - help, Q - select action, (/) - cycle Shift-Dir - straight line, f/p - water elemental
Aim: a water elemental (moderately damaged, covering ground quickly, 73% to hit)
You shoot a sling bullet.
The sling bullet hits the water elemental.
The water elemental closely misses you.
Fire: a) +1 sling
Press: ? - help, Q - select action, (/) - cycle Shift-Dir - straight line, f/p - water elemental
Aim: a water elemental (heavily damaged, covering ground quickly, 73% to hit)
You shoot a sling bullet.
The sling bullet hits the water elemental but does no damage.
The water elemental closely misses you.
Fire: a) +1 sling
Press: ? - help, Q - select action, (/) - cycle Shift-Dir - straight line, f/p - water elemental
Aim: a water elemental (heavily damaged, covering ground quickly, 73% to hit)
You shoot a sling bullet.
The sling bullet hits the water elemental!
The water elemental hits you.
The water elemental engulfs you in water!
Fire: a) +1 sling
Press: ? - help, Q - select action, (/) - cycle Shift-Dir - straight line, f/p - water elemental
Aim: a water elemental (severely damaged, covering ground quickly, 73% to hit)
You shoot a sling bullet.
The sling bullet hits the water elemental but does no damage.
Your binding sigil disappears.
* * * LOW HITPOINT WARNING * * *
Your lungs strain for air!
The water elemental hits you.
* * * LOW HITPOINT WARNING * * *
Fire: a) +1 sling
Press: ? - help, Q - select action, (/) - cycle Shift-Dir - straight line, f/p - water elemental
Aim: a water elemental (severely damaged, covering ground quickly, 73% to hit)
You shoot a sling bullet.
The sling bullet hits the water elemental.
* * * LOW HITPOINT WARNING * * *
Your lungs strain for air!
The water elemental hits you.
You die...

▓▓▓▓▓▓▓▓▓ ▓▓▓
▓<..#%..#### ##.#
▓...#.)....#####@.#
▓..##.......#..#E.#
▓##.##.##...#..#..# #+#+#
##.##.###..##'#..#......
▓#.####.##..###...'.⌠....
▓.###..##..####...#...###
▓#.....##..###....#.⌠.#
###..##...##.....# ..#
##..##....#†.....# ##


You could see a water elemental (swift).

Vanquished Creatures
  Crazy Yiuf (D)
  Jessica (D)
  A human (D)
  An endoplasm (D)
  2 rats (D)
6 creatures vanquished.

Notes
Turn   | Place    | Note
-------+----------+-------------------------------------------
     0 | D        | James the Draconian Hexslinger began the quest for the Orb.
     0 | D        | Reached XP level 1. HP: 16/16 MP: 2/2
     9 | D        | Reached skill level 2 in Ranged Weapons
    42 | D        | Noticed Jessica
    45 | D        | Killed Jessica
    46 | D        | Reached skill level 5 in Ranged Weapons
    46 | D        | Reached XP level 2. HP: 23/23 MP: 3/3
    50 | D        | Learned a level 2 spell: Jinxbite
    55 | D        | Reached XP level 3. HP: 28/28 MP: 4/4
    82 | D        | Reached skill level 6 in Ranged Weapons
   138 | D        | Noticed Crazy Yiuf
   141 | D        | Killed Crazy Yiuf
   142 | D        | Reached XP level 4. HP: 37/37 MP: 2/5
   218 | D        | Learned a level 3 spell: Sigil of Binding
   218 | D        | Noticed a water elemental
   239 | D        | Slain by a water elemental

Illustrated notes

Levels and vault maps discovered:
D:        dungeon_sprint_mu [sprint_mu_entry_cave, sprint_mu_temple_rooms,
          sprint_mu_d1_horrors, sprint_mu_d2_genie, sprint_mu_d3_branching,
          sprint_mu_orc_legion, sprint_mu_elf_gauntlet, sprint_mu_hive_nellie,
          sprint_mu_lair_fedhas, sprint_mu_vaults_butterflies,
          sprint_mu_slime_circle, sprint_mu_swamp_cave, sprint_mu_shoals_archi,
          sprint_mu_blade_basic, sprint_mu_crypt_fortress,
          sprint_mu_tomb_spiral, sprint_mu_vestibule_basic,
          sprint_mu_gehenna_hellfire, sprint_mu_dis_giant,
          sprint_mu_tartarus_statrot, sprint_mu_cocytus_islands, sprint_mu_zot1]

Skill      XL: |  1  2  3 |
---------------+----------+-----
Ranged Weapons | 5 6 |  6.6
Dodging        | 2 |  2.0
Hexes          | 3 |  3.7
Fighting       | 2 |  2.8
Spellcasting   | |  1.0
Fire Magic     | |  1.0

Action                     |  1- 3 |  4- 6 || total
---------------------------+-------+-------++-------
   Fire: Sling             |    27 |    10 ||    37
   Cast: Jinxbite          |     3 |       ||     3
         Sigil of Binding  |       |     1 ||     1
 Armour: Skin              |     7 |     5 ||    12
  Dodge: Dodged            |    11 |     7 ||    18
